 Dungeon Crawl Stone Soup version 0.16-a0-3807-g3748f16 (webtiles) character file.

93 Herrn the Magician (level 4, -2/33 HPs)
             Began as a Demonspawn Wizard on Jan 28, 2015.
             Killed by divine providence
             ... invoked by an orc priest
              (11 damage)
             ... on level 3 of the Dungeon.
             The game lasted 00:08:31 (2706 turns).

Herrn the Magician (Demonspawn Wizard)              Turns: 2706, Time: 00:08:31

Health: -2/33      AC:  3    Str: 12    XL:     4   Next: 37%
Magic:  3/9        EV: 12    Int: 20    God:
Gold:   100        SH:  0    Dex: 12    Spells: 1 memorised, 8 levels left

rFire  . . .     SeeInvis .     e - +0 short sword
rCold  . . .     Clarity  .     s - +0 robe
rNeg   . . .     SustAb   .     (no shield)
rPois  .         Gourm    .     b - +0 hat
rElec  .         Spirit   .     (no cloak)
rCorr  .         Warding  .     g - +0 pair of gloves
rMut   .         Rnd*Tele +     (no boots)
MR     .....                    (no amulet)
Stlth  ++........               (no ring)
                                q - ring of teleportation (curse)

@: mighty, not resistant to hostile enchantments, unstealthy
A: powered by pain 2
a: Evoke Teleportation


You were on level 3 of the Dungeon.
You were very hungry.

You visited 1 branch of the dungeon, and saw 3 of its levels.

You collected 100 gold pieces.

Inventory:

Hand weapons
 e - a +0 short sword (weapon)
Armour
 b - a +0 hat (worn)
 g - a +0 pair of gloves (worn)
 s - a +0 robe (worn)
Jewellery
 q - a cursed ring of teleportation (left hand)
Scrolls
 f - 2 scrolls of identify {unknown}
 h - 3 scrolls of enchant weapon {unknown}
 i - 2 scrolls of noise {unknown}
 n - a scroll of remove curse {unknown}
 r - 3 scrolls of amnesia {unknown}
Potions
 j - a potion of magic {unknown}
 k - a potion of berserk rage {unknown}
 l - a potion of ambrosia {unknown}
 m - 2 potions of curing {unknown}
 o - 2 potions of haste {unknown}
 p - a potion of invisibility {unknown}
Books
 c - a book of Minor Magic

   Spells                             Type                      Level
   a - Magic Dart                     Conjuration                  1
   b - Blink                          Translocation                2
   c - Call Imp                       Summoning                    2
   d - Repel Missiles                 Charms/Air                   2
   e - Slow                           Hexes                        2
   f - Conjure Flame                  Conjuration/Fire             3
   g - Mephitic Cloud                 Conjuration/Poison/Air       3
Comestibles
 d - 3 bread rations


   Skills:
 * Level 2.1 Fighting
 * Level 1.9 Short Blades
 + Level 2.5 Dodging
 - Level 1.7 Stealth
 - Level 3.0 Spellcasting
 + Level 1.6 Conjurations
   Level 1.0 Summonings
   Level 0.8 Translocations


You had 8 spell levels left.
You knew the following spells:

 Your Spells              Type           Power        Failure   Level  Hunger
a - Magic Dart            Conj           #...         10%         1    None


Dungeon Overview and Level Annotations

Branches:
Dungeon (3/15)

Altars:
Zin


Innate Abilities, Weirdness & Mutations

You sometimes gain power by taking damage.


Message History

Casting: Magic Dart
Confirm with . or Enter, or press ? or * to list all spells.
Aiming: Magic Dart
Press: ? - help, Shift-Dir - straight line, f/p - orc priest
Aim: an orc priest (heavily wounded)
The magic dart hits the orc priest.
The orc priest is severely wounded.
The orc priest hits you.
Casting: Magic Dart
Confirm with . or Enter, or press ? or * to list all spells.
Aiming: Magic Dart
Press: ? - help, Shift-Dir - straight line, f/p - orc priest
Aim: an orc priest (severely wounded)
The magic dart hits the orc priest.
The orc priest is severely wounded.
The orc hits you from afar with a trident.
* * * LOW HITPOINT WARNING * * *
The orc priest calls down the wrath of Beogh upon you.
Something smites you!
You die...

#.#.#.#.#.#.#..
#.#.#.#.#.#.#.#
#
#.#.#.#.#.#.#.#
#.# #.#.#.#.#
#.#.# #.#.#
#.#.#.# #.#
#.#.# #.#.# #.#
#.#.# #)# #.#
#.#.#.# # #.#@#
#.#o# #.#.#o#
#.# #.#o# #.#
#.#.# #.# #.#.#
+# #.# #


You could see an orc priest, an orc wizard and an orc.

Vanquished Creatures
  5 adders
  2 giant geckos (D:2)
  11 bats
  2 giant cockroaches
  8 goblins
  3 hobgoblins
  4 jackals (D:2)
  3 ball pythons
  4 giant newts (D:2)
  2 kobolds
  3 rats
47 creatures vanquished.

Notes
Turn   | Place    | Note
--------------------------------------------------------------
     0 | D:1      | Herrn, the Demonspawn Wizard, began the quest for the Orb.
     0 | D:1      | Reached XP level 1. HP: 13/13 MP: 4/4
   264 | D:1      | Reached skill level 1 in Fighting
   330 | D:1      | Gained mutation: You sometimes gain a little power by taking damage. [demonic ancestry]
   330 | D:1      | Reached XP level 2. HP: 21/21 MP: 0/6
   504 | D:1      | Reached skill level 1 in Short Blades
  1132 | D:2      | Reached XP level 3. HP: 25/27 MP: 0/7
  1929 | D:2      | Gained mutation: You sometimes gain power by taking damage. [demonic ancestry]
  1929 | D:2      | Reached XP level 4. HP: 33/33 MP: 3/9
  2403 | D:2      | Found a glowing silver altar of Zin.
  2706 | D:3      | Killed from afar by an orc priest

Action                   |  1- 3 |  4- 6 || total
-------------------------+-------+-------++-------
Melee: Short sword       |    30 |       ||    30
 Cast: Magic Dart        |    79 |    49 ||   128
  Eat: Chunk             |     3 |     1 ||     4
